 Dungeon Crawl Stone Soup version 0.28.0-53-g5a82cb258f (webtiles) character file.

Game seed: 1531685066494061504

2725 Jerry the Skirmisher (level 9, -30/49 HPs)
             Began as a Vine Stalker Fighter on Sept 15, 2022.
             Was a Follower of Uskayaw.
             Killed from afar by an acid dragon (31 damage)
             ... with a splash of acid
             ... while paralysed by a hornet
             ... on level 8 of the Dungeon.
             The game lasted 00:14:12 (6120 turns).

Jerry the Skirmisher (Vine Stalker Fighter)         Turns: 6120, Time: 00:14:19

Health: -30/49     AC:  0    Str: 19    XL:     9   Next: 67%
Magic:  0/13       EV:  2    Int:  8    God:    Uskayaw [*.....]
Gold:   336        SH:  0    Dex: 18    Spells: 8/8 levels left

rFire   . . .      SeeInvis .   m - +2 dagger (speed)
rCold   . . .      Faith    .   c - +0 buckler
rNeg    . . .      Spirit   +   b - +0 scale mail
rPois   +          Reflect  +   (no helmet)
rElec   .          Harm     .   (no cloak)
rCorr   .          Rampage  .   (no gloves)
Will    +....                   (no boots)
Stlth   ..........              i - amulet of reflection
HPRegen 0.96/turn               h - +4 ring of evasion
MPRegen 0.13/turn               e - ring of poison resistance

@: paralysed, corroded, invisible
A: fangs 3, regeneration 1, magic shield, antimagic bite, no potion heal 2
a: Renounce Religion, Stomp


You were on level 8 of the Dungeon.
You worshipped Uskayaw.
Uskayaw was noncommittal.
You visited 2 branches of the dungeon, and saw 9 of its levels.

You collected 336 gold pieces.

Inventory:

Hand Weapons
 a - a +0 vorpal rapier
 m - a +2 dagger of speed (weapon)
Armour
 b - a +0 scale mail (worn)
 c - a +0 buckler (worn)
Jewellery
 e - a ring of poison resistance (right hand)
 h - a +4 ring of evasion (left hand)
 i - an amulet of reflection (around neck)
Wands
 q - a wand of acid (9)
 s - a wand of polymorph (7)
 u - a wand of iceblast (4)
Scrolls
 d - 3 scrolls of fear
 j - 2 scrolls of brand weapon
 k - a scroll of torment
 n - 3 scrolls of teleportation
 v - a scroll of acquirement {unknown}
Potions
 g - 2 potions of brilliance
 l - a potion of invisibility
 o - 2 potions of flight
 p - 2 potions of heal wounds {unknown}
 r - 3 potions of attraction {unknown}
 t - 2 potions of mutation {unknown}


   Skills:
 + Level 6.5 Fighting
 + Level 6.1 Short Blades
 + Level 5.9 Armour
 - Level 5.0 Shields
 + Level 4.3 Invocations


You had 8 spell levels left.
You didn't know any spells.
Your spell library contained the following spells:

 Spells                   Type           Power      Damage    Failure   Level
 Freeze                   Ice            0%         1d3       83%         1
 Corpse Rot               Necr/Air       0%         N/A       93%         2
 Poisonous Vapours        Pois/Air       0%         N/A       93%         2
 Frozen Ramparts          Ice            0%         1d2       99%         3
 Hailstorm                Conj/Ice       0%         3d3       100%        4


Dungeon Overview and Level Annotations

Branches:
Dungeon (8/15)             Temple (1/1) D:5
   Lair: D:8-11

Altars:
Ashenzari
Cheibriados
Dithmenos
Elyvilon
Fedhas
Gozag
Hepliaklqana
Kikubaaqudgha
Makhleb
Nemelex Xobeh
Okawaru
Qazlal
Ru
Sif Muna
Trog
Uskayaw
Vehumet
Wu Jian
Xom
Yredelemnul
Zin
The Shining One


Innate Abilities, Weirdness & Mutations

You have razor-sharp teeth.
Your natural rate of healing is unusually fast.
When hurt, damage is shared between your health and your magic reserves.
Your bite disrupts and absorbs the magic of your enemies.
Potions cannot restore your health.


Message History

The splash of acid misses you. You block the hornet's attack.
There is an open door here.
You closely miss the acid dragon. The acid dragon spits acid at you.
The splash of acid hits you!! The acid corrodes you!
You hit the acid dragon.
The acid dragon is lightly wounded.
You hit the acid dragon. You bite the acid dragon. You drain its power.
You feel invigorated.
The acid dragon is moderately wounded.
You block the acid dragon's attack. x2
You hit the acid dragon but do no damage.
You bite the acid dragon, but do no damage.
The acid dragon is moderately wounded.
You closely miss the acid dragon. Your bite misses the acid dragon.
The acid dragon is moderately wounded.
You block the acid dragon's attack. The acid dragon claws you.
You hit the acid dragon but do no damage.
Your bite misses the acid dragon.
The acid dragon is moderately wounded.
You hit the acid dragon but do no damage.
The acid dragon is moderately wounded.
The acid dragon spits acid at you. The splash of acid hits you!!
* * * LOW HITPOINT WARNING * * *
The acid corrodes you! You block the hornet's attack. The hornet stings you!
* * * LOW HITPOINT WARNING * * *
You block the hornet's attack.
You open the door. You block the hornet's attack.
You fade into invisibility!
The hornet stings you!
* * * LOW HITPOINT WARNING * * *
You suddenly lose the ability to move!
The acid dragon spits acid at you. The splash of acid hits you!!
Ouch! That really hurt!
You die...

..... .. ...##...# #.
...##...##### #..
....+......... #..
....#......... #...
#...##........
#...##...##...##...
#...'....##'####
#@....#....# #yD...#....#
#.....#....+
####+##...##...##
#...<.#...##...##
♣♣#########.....#.........#
♣≈..............#.........#
≈S..............#.........#
♣S..............#######'###


You could see a hornet and an acid dragon (catching breath).

Vanquished Creatures
  Erica (D:8)
  Sigmund (D:4)
  2 water moccasins
  An ice beast (D:6)
  An ogre (D:2)
  2 centaurs (D:7)
  A sky beast (D:5)
  A necrophage (D:5)
  2 phantoms
  A bullfrog (D:7)
  2 scorpions
  A water moccasin zombie (D:7)
  A wyvern skeleton (D:6)
  A howler monkey (D:5)
  4 hounds
  A gnoll shaman (D:7)
  2 orc priests
  3 bullfrog skeletons
  2 centaur skeletons (D:6)
  A jelly (D:5)
  An iguana (D:5)
  Terence (D:3)
  A scorpion zombie (D:5)
  Natasha (D:3)
  A hound skeleton (D:4)
  A howler monkey zombie (D:5)
  8 gnolls
  10 adders
  A shadow imp (D:6)
  A white imp (D:6)
  5 worms
  3 dart slugs
  10 orcs
  3 bats (D:2)
  9 endoplasms
  A giant cockroach (D:2)
  9 goblins
  8 hobgoblins
  3 jackals (D:2)
  3 quokkas
  5 ball pythons
  3 frilled lizards
  7 kobolds
  4 rats
130 creatures vanquished.

Vanquished Creatures (others)
  7 plants
7 creatures vanquished.

Grand Total: 137 creatures vanquished

Notes
Turn   | Place    | Note
-------+----------+-------------------------------------------
     0 | D:1      | Jerry the Vine Stalker Fighter began the quest for the Orb.
     0 | D:1      | Reached XP level 1. HP: 11/11 MP: 2/2
   375 | D:1      | Reached XP level 2. HP: 14/16 MP: 3/3
   419 | D:1      | Found a faded altar of an unknown god.
   999 | D:2      | Reached XP level 3. HP: 15/20 MP: 4/4
  1481 | D:1      | Gained mutation: Your natural rate of healing is unusually
                  | fast. [Vine Stalker growth]
  1481 | D:1      | Reached XP level 4. HP: 2/24 MP: 1/5
  1712 | D:2      | Noticed an ogre
  1728 | D:2      | Killed an ogre
  1729 | D:2      | Reached XP level 5. HP: 28/28 MP: 6/6
  2074 | D:3      | Noticed Terence
  2089 | D:3      | Killed Terence
  2106 | D:3      | Noticed a phantom
  2198 | D:3      | Reached XP level 6. HP: 33/33 MP: 7/7
  2469 | D:3      | Found a sparkling altar of Nemelex Xobeh.
  2560 | D:3      | Noticed Natasha
  2563 | D:3      | Killed Natasha
  2953 | D:4      | Noticed Sigmund
  2967 | D:4      | Killed Sigmund
  2968 | D:4      | Reached XP level 7. HP: 38/38 MP: 8/8
  3547 | D:5      | Entered Level 5 of the Dungeon
  3992 | D:5      | Gained mutation: You have razor-sharp teeth. [Vine Stalker
                  | growth]
  3992 | D:5      | Reached XP level 8. HP: 42/42 MP: 9/9
  4057 | D:5      | Reached skill level 5 in Shields
  4096 | D:5      | Found a staircase to the Ecumenical Temple.
  4105 | Temple   | Entered the Ecumenical Temple
  4341 | Temple   | Became a worshipper of Uskayaw the Reveller
  4372 | D:5      | Reached * piety under Uskayaw
  4555 | D:5      | Reached ** piety under Uskayaw
  4556 | D:5      | Reached skill level 5 in Fighting
  4730 | D:6      | Reached skill level 1 in Invocations
  4909 | D:6      | Reached *** piety under Uskayaw
  4910 | D:6      | Reached skill level 5 in Short Blades
  4910 | D:6      | Reached skill level 5 in Armour
  5225 | D:7      | Reached XP level 9. HP: 48/48 MP: 10/12
  5470 | D:7      | Reached **** piety under Uskayaw
  5909 | D:8      | Noticed Erica
  5935 | D:8      | Killed Erica
  6095 | D:8      | Noticed a hornet
  6120 | D:8      | HP: 1/49 [hornet (14)]
  6120 | D:8      | Paralysed by a hornet for 2 turns
  6120 | D:8      | Killed from afar by an acid dragon

Illustrated notes

Levels and vault maps discovered:
D:1:      dpeg_arrival_rooms_b, layout_basic, chequers_ecumenical_altar_island
D:2:      layout_loops_ring, chequers_arboretum
D:3:      layout_loops_cross, nemelex_xobeh_ov_fountains_minmay, uniq_natasha,
          uniq_terence
D:4:      cheibrodos_pilgrimage, layout_loops_ring, uniq_sigmund
D:5:      layout_gridville, minmay_temple_entry_overgrown
D:6:      layout_rooms
D:7:      layout_loops_cross
D:8:      layout_gridville, serial_bayou_lake_a, uniq_erica, uniq_maurice
Temple:   mainiacjoe_temple_hex_bubbles

Skill      XL: |  1  2  3  4  5  6  7  8  9 |
---------------+----------------------------+-----
Short Blades   | 2 3 4 5 6 |  6.1
Fighting       | 3 4 5 6 |  6.5
Shields        | 3 4 5 |  5.0
Armour         | 3 4 5 |  5.9
Invocations    | 2 4 |  4.3

Action                   |  1- 3 |  4- 6 |  7- 9 || total
-------------------------+-------+-------+-------++-------
Melee: Rapier            |    36 |       |       ||    36
       Bite              |    29 |    54 |   131 ||   214
       Dagger            |    64 |   172 |   339 ||   575
  Use: Scroll            |       |     8 |     4 ||    12
       Potion            |       |     1 |     2 ||     3
 Stab: Paralysed         |       |       |     6 ||     6
Armor: Scale mail        |    13 |    12 |    28 ||    53
Dodge: Dodged            |    36 |    56 |    72 ||   164
Block: Buckler           |    16 |    32 |   106 ||   154
       Reflection        |       |     2 |     4 ||     6
